 Dungeon Crawl Stone Soup version 0.19.0-22-gd96e5fe (webtiles) character file.

4 esc the Vandal (level 1, 3/16 HPs)
             Began as a Demonspawn Hunter on Nov 18, 2016.
             Quit the game on level 1 of the Dungeon.
             The game lasted 00:00:38 (253 turns).

esc the Vandal (Demonspawn Hunter)                   Turns: 253, Time: 00:00:39

Health: 3/16       AC:  3    Str: 12    XL:     1   Next: 58%
Magic:  1/1        EV: 12    Int: 12    God:
Gold:   12         SH:  0    Dex: 13    Spells: 0 memorised, 0 levels left

rFire  . . .     SeeInvis .     e - -3 short sword (curse)
rCold  . . .     Gourm    .     c - +0 leather armour
rNeg   . . .     Faith    .     (no shield)
rPois  .         Spirit   .     (no helmet)
rElec  .         Reflect  .     (no cloak)
rCorr  .         Harm     .     (no gloves)
MR     .....                    (no boots)
Stlth  +.........               (no amulet)
                                (no ring)
                                (no ring)

@: no status effects
A: no striking features
a: no special abilities


You were on level 1 of the Dungeon.
You were not hungry.

You visited 1 branch of the dungeon, and saw 1 of its levels.

You collected 12 gold pieces.

Inventory:

Hand Weapons
 a - a +1 hunting sling
 b - a +0 short sword
 e - a cursed -3 short sword (weapon)
   (You found it on level 1 of the Dungeon)
Missiles
 d - 20 sling bullets
 h - 7 curare-tipped needles
Armour
 c - a +0 leather armour (worn)
Comestibles
 f - a bread ration {@e1}
 g - 3 chunks of flesh {@w0}


   Skills:
 - Level 2.0 Fighting
 + Level 3.9 Slings
 - Level 1.7 Dodging
 - Level 0.8 Stealth


You couldn't memorise any spells.
You didn't know any spells.

Dungeon Overview and Level Annotations

Branches:
Dungeon (1/15)

Altars:


Message History

You see here a sling bullet.
You hit the hobgoblin.
The hobgoblin hits you but does no damage.
You hit the hobgoblin. The hobgoblin closely misses you.
You closely miss the hobgoblin. The hobgoblin hits you.
You take 3 damage, and have 13/16 hp.
You barely miss the hobgoblin. The hobgoblin closely misses you.
The hobgoblin completely misses you.
You barely miss the hobgoblin. The hobgoblin misses you.
You barely miss the hobgoblin. The hobgoblin misses you.
You hit the hobgoblin.
You kill the hobgoblin!
No target in view!
No target in view!
d - 19 sling bullets (gained 1)
d - 20 sling bullets (gained 1)
You now have 12 gold pieces (gained 3).
A giant cockroach comes into view.
The rat bites you but does no damage. The giant cockroach closely misses you.
You barely miss the giant cockroach. The giant cockroach bites you.
The rat bites you but does no damage.
You take 2 damage, and have 12/16 hp.
You hit the giant cockroach.
The giant cockroach bites you but does no damage.
The rat misses you.
You hit the giant cockroach. The giant cockroach barely misses you.
The rat barely misses you.
You hit the giant cockroach.
You kill the giant cockroach!
The rat misses you.
You hit the rat but do no damage. The rat bites you but does no damage.
You hit the rat. The rat bites you.
You take 2 damage, and have 11/16 hp.
You hit the rat but do no damage. The rat misses you.
You barely miss the rat. The rat bites you.
You take 1 damage, and have 10/16 hp.
You closely miss the rat. The rat bites you. The rat closely misses you.
You take 2 damage, and have 8/16 hp.
You hit the rat.
You kill the rat!
No target in view!
No target in view!
You see here a rat corpse.
You butcher the rat corpse.
g - a chunk of flesh {@w0} You see here a giant cockroach corpse.
You butcher the giant cockroach corpse.
g - 3 chunks of flesh {@w0} (gained 2)
You start resting.
Health restored: 16 A rat comes into view.
You see here 7 curare-tipped needles.
h - 7 curare-tipped needles A hobgoblin comes into view.
It is wielding a club.
The hobgoblin shouts!
A kobold comes into view.
The kobold shouts!
The hobgoblin barely misses you.
You closely miss the hobgoblin. The hobgoblin hits you with a club.
The rat completely misses you.
A goblin comes into view.
You take 3 damage, and have 13/16 hp.
You barely miss the hobgoblin.
The hobgoblin hits you but does no damage.
The rat bites you.
You take 1 damage, and have 12/16 hp.
The goblin shouts!
You hit the hobgoblin but do no damage. The hobgoblin barely misses you.
The rat closely misses you.
You closely miss the kobold. The kobold hits you.
The hobgoblin hits you but does no damage.
The rat barely misses you.
You take 2 damage, and have 10/16 hp.
You see here 21 stones.
The kobold hits you.
You take 2 damage, and have 8/16 hp.
You hit the rat.
You kill the rat!
You barely miss the hobgoblin. The hobgoblin hits you with a club.
You take 3 damage, and have 6/16 hp.
You hit the hobgoblin but do no damage. You hit the kobold but do no damage.
The kobold closely misses you. The hobgoblin completely misses you.
You hit the kobold. The kobold hits you but does no damage.
The hobgoblin completely misses you.
You completely miss the kobold. The kobold closely misses you.
The hobgoblin misses you.
You hit the kobold. The kobold closely misses you.
The hobgoblin barely misses you.
You barely miss the kobold. The kobold hits you but does no damage.
The hobgoblin closely misses you.
A hobgoblin comes into view.
You miss the kobold. The kobold hits you.
* * * LOW HITPOINT WARNING * * *
The hobgoblin completely misses you.
You take 3 damage, and have 3/16 hp.
You barely miss the kobold.
The hobgoblin shouts!
The kobold closely misses you. The hobgoblin barely misses you.
You aren't carrying any potions.

##.........#
#..........#
##..g.......#
########...........#
#..................# ..
##.....K......#.#####
... #...#.g.†.##..#.#
...# #..######K##..#.#
....####...8...@g8...#.#
..........(#.....#...#.#
#..........#..<..#...#.#
#........g#.....#...#.#
#.........8.....8...#
#........##.######..#
#.....$...#... .#
#............... #
#.........#.....


You could see 2 hobgoblins and a kobold.

Vanquished Creatures
  A giant cockroach (D:1)
  A hobgoblin (D:1)
  3 rats (D:1)
5 creatures vanquished.

Notes
Turn   | Place    | Note
-------+----------+-------------------------------------------
     0 | D:1      | esc the Demonspawn Hunter began the quest for the Orb.
     0 | D:1      | Reached XP level 1. HP: 16/16 MP: 1/1
   251 | D:1      | HP: 3/16 [kobold (3)]
   253 | D:1      | Quit the game

Action                   || total
-------------------------++-------
Melee: Short sword       ||    31
 Fire: Hunting sling     ||     2
Armor: Leather armour    ||     9
Dodge: Dodged            ||    28

Vault maps used:
D:1:      scummos_arrival_simple_crosswalls, corexii_hall_statues_s

Table legend:
 A = Turns spent in this place as a percentage of turns spent in the entire game.
 B = Non-inter-level travel turns spent in this place as a percentage of non-inter-level travel turns spent in the entire game.
 C = Inter-level travel turns spent in this place as a percentage of turns spent in this place.
 D = Turns resting spent in this place as a percentage of non-inter-level travel turns spent in this place.
 E = Turns spent auto-exploring this place as a percentage of non-inter-level travel turns spent in this place.
 F = Non-inter-level travel turns spent in this place divided by the number of levels of this place that you've seen.
                   A       B       C       D       E      F
               +-------+-------+-------+-------+-------+----------------------
         Total | 100.0 | 100.0 |   0.0 |   2.3 |   5.7 |  88.0
       Dungeon | 100.0 | 100.0 |   0.0 |   2.3 |   5.7 |  88.0
               +-------+-------+-------+-------+-------+----------------------

Table legend:
 A = Kills in this place as a percentage of kills in entire the game.
 B = Kills by you in this place as a percentage of kills by you in the entire game.
 C = Kills by friends in this place as a percentage of kills by friends in the entire game.
 D = Other kills in this place as a percentage of other kills in the entire game.
 E = Experience gained in this place as a percentage of experience gained in the entire game.
 F = Experience gained in this place divided by the number of levels of this place that you have seen.
                   A       B       C       D       E      F
               +-------+-------+-------+-------+-------+----------------------
         Total | 100.0 | 100.0 |  -nan |  -nan | 100.0 |   7.0
       Dungeon | 100.0 | 100.0 |  -nan |  -nan | 100.0 |   7.0
               +-------+-------+-------+-------+-------+----------------------
